 Dungeon Crawl Stone Soup version 0.15-a0-110-gb05c47c (webtiles) character file.

8 BluebellGnoll the Magician (level 2, -4/17 HPs)
             Began as an Octopode Wizard on Apr 10, 2014.
             Slain by a gnoll
             ... wielding a +2,+1 spear
              (6 damage)
             ... on Level 1 of the Dungeon.
             The game lasted 00:02:06 (502 turns).

BluebellGnoll the Magician (Octopode Wizard)         Turns: 502, Time: 00:02:06

HP  -4/17        AC  1     Str  6      XL: 2   Next:  8%
MP   1/6         EV 12     Int 20      God:
Gold 0           SH  0     Dex 10      Spells:  2 memorised,  4 levels left

rFire  . . .     SeeInvis .     f - +0 dagger
rCold  . . .     Clarity  .     (no shield)
rNeg   . . .     Conserve .     b - +0 hat
rPois  .         rCorr    .     (no amulet)
rElec  .         rRot     .     (no ring)
SustAb . .       Spirit   .     (no ring)
rMut   .         Warding  .     (no ring)
Saprov . . .     Stasis   .     (no ring)
MR     .....                    (no ring)
                                (no ring)
                                (no ring)
                                (no ring)

@: not resistant to hostile enchantments, quite stealthy
A: almost no armour, amphibious, 8 rings, constrict 8, camouflage 1, gelatinous
body 1
a: no special abilities


You were on level 1 of the Dungeon.
You were not hungry.

You visited 1 branch of the dungeon, and saw 1 of its levels.

Inventory:

Hand weapons
 f - a +0,+0 dagger (weapon)
Armour
 b - a +0 hat (worn)
Comestibles
 d - a bread ration
Scrolls
 a - a scroll of remove curse {unknown}
 h - a scroll of identify {unknown}
Jewellery
 g - a cursed ring of teleportation {unknown}
Potions
 e - 2 potions of invisibility {unknown}
 i - a potion of curing {unknown}
Books
 c - a book of Minor Magic

   Spells                             Type                      Level
   *Magic Dart                        Conjuration                  1
   *Blink                             Translocation                2
   Call Imp                           Summoning                    2
   Repel Missiles                     Charms/Air                   2
   Slow                               Hexes                        2
   Conjure Flame                      Conjuration/Fire             3
   Mephitic Cloud                     Conjuration/Poison/Air       3


   Skills:
 + Level 2.2 Dodging
 + Level 2.8 Stealth
 + Level 3.2 Spellcasting
 + Level 1.0 Conjurations
   Level 1.0 Summonings
 + Level 1.0 Translocations


You had 4 spell levels left.
You knew the following spells:

 Your Spells              Type           Power        Failure   Level  Hunger
a - Magic Dart            Conj           #...         12%         1    None
b - Blink                 Tloc           N/A          17%         2    ##.....


Dungeon Overview and Level Annotations

Branches:
Dungeon (1/15)

Altars:


Innate Abilities, Weirdness & Mutations

You cannot wear most types of armour.
You are amphibious.
You can wear up to eight rings at the same time.
You can use your tentacles to constrict many enemies at once.
Your skin changes colour to match your surroundings (Stlth).
Your rubbery body absorbs attacks (AC +1).


Message History

Casting: Magic Dart
Confirm with . or Enter, or press ? or * to list all spells.
Aiming: Magic Dart
Press: ? - help, Shift-Dir - straight line, f/p - gnoll
Aim: a gnoll, wielding a spear (heavily wounded, constricted by you)
The magic dart hits the gnoll.
The gnoll is heavily wounded.
You constrict the gnoll, but do no damage.
The gnoll barely misses you.
Casting: Magic Dart
Confirm with . or Enter, or press ? or * to list all spells.
Aiming: Magic Dart
Press: ? - help, Shift-Dir - straight line, f/p - gnoll
Aim: a gnoll, wielding a spear (heavily wounded, constricted by you)
The magic dart hits the gnoll.
The gnoll is severely wounded.
You constrict the gnoll. The gnoll closely misses you.
You release your grip on the gnoll.
The gnoll hits you from afar with a spear.
You die...

# ... .... #### .....
...###################.......
...'............@.g..........
...###........########.......
...# #........# #.# ...###
...#
#........######.###........
...# #...........'..<..+
....... ...#
######.########.#######...
...# #.##.............#..#
...# #.#####.#####.####..#
...# #.# ##.#####.###...#


You could see a gnoll.

Vanquished Creatures
  A giant cockroach (D:1)
  3 goblins (D:1)
  A bat (D:1)
  2 giant newts (D:1)
  A kobold (D:1)
  A rat (D:1)
9 creatures vanquished.

Notes
Turn   | Place    | Note
--------------------------------------------------------------
     0 | D:1      | BluebellGnoll, the Octopode Wizard, began the quest for the Orb.
     0 | D:1      | Reached XP level 1. HP: 11/11 MP: 4/4
   299 | D:1      | Reached XP level 2. HP: 17/17 MP: 0/6
   303 | D:1      | Learned a level 2 spell: Blink
   502 | D:1      | Slain by a gnoll

Action                   || total
-------------------------++-------
Melee: Unarmed           ||     6
       Dagger            ||     6
 Cast: Magic Dart        ||    15
 Stab: Sleeping          ||     1
